 Dungeon Crawl Stone Soup version 0.18-a0-990-g74cdb39 (webtiles) character file.

3600 M4edhros the Covert (level 10, -6/61 HPs)
             Began as an Octopode Artificer on Jan 4, 2016.
             Was a Believer of Fedhas.
             Killed by divine providence
             ... invoked by an orc priest
              (17 damage)
             ... on level 9 of the Dungeon.
             The game lasted 00:19:25 (8336 turns).

M4edhros the Covert (Octopode Artificer)            Turns: 8336, Time: 00:19:25

Health: -6/61      AC:  3    Str: 10    XL:     10   Next: 10%
Magic:  14/14      EV: 13    Int: 25    God:    Fedhas [**....]
Gold:   414        SH:  8    Dex: 15    Spells: 2 memorised, 10 levels left

rFire  . . .     SeeInvis +     j - +0 dagger (elec)
rCold  + + .     Gourm    .     I - +0 shield
rNeg   . . .     Faith    .     (helmet restricted)
rPois  .         Spirit   .     L - amulet of harm
rElec  .         Dismiss  .     E - ring of see invisible
rCorr  .         Reflect  .     u - ring of Temptation {+Fly rC++ Int+7}
SustAt .         Harm     +     (no ring)
MR     +....     Rnd*Tele +     (no ring)
Stlth  ++++++....               (no ring)
                                (no ring)
                                (no ring)
                                (no ring)

@: somewhat resistant to hostile enchantments, very stealthy
A: almost no armour, amphibious, 8 rings, constrict 8, yellow scales 1,
camouflage 1, agile 1, magic resistance 1, teleportitis 1, gelatinous body 1
a: Evolution, Sunlight, Renounce Religion, Evoke Flight


You were on level 9 of the Dungeon.
You worshipped Fedhas.
Fedhas was pleased with you.
You were very hungry.

You visited 2 branches of the dungeon, and saw 10 of its levels.
You also visited: Ossuary.

You collected 476 gold pieces.
You spent 62 gold pieces at shops.

Inventory:

Hand Weapons
 j - a +0 dagger of electrocution (weapon)
 o - a +1 spear of venom
 p - a +0 dagger of chaos
 z - a +0 hunting sling
 F - a +0 dagger of venom
Missiles
 e - 233 stones (quivered)
 k - 86 sling bullets
Armour
 I - a +0 shield (worn)
Magical Staves
 O - an uncursed staff of poison
Jewellery
 n - an uncursed ring of ice
 u - the ring of Temptation (right tentacle) {+Fly rC++ Int+7}
   (You found it on level 4 of the Dungeon)

   [ring of flight]

   It affects your intelligence (+7).
   It greatly protects you from cold.
   It lets you fly.
 E - a ring of see invisible (left tentacle)
 L - an amulet of harm (around mantle)
Wands
 b - a wand of flame (0/48)
 c - a wand of enslavement (10/24)
 d - a wand of random effects (11/48)
 w - a wand of teleportation (1/9)
 y - a wand of frost (17/48)
 C - a wand of lightning (0/15)
Scrolls
 l - 3 scrolls of fog
 m - 5 scrolls of remove curse
 x - 4 scrolls of magic mapping
 B - 2 scrolls of noise
 D - a scroll of blinking
 H - 2 scrolls of teleportation
 N - a scroll of fear
Potions
 g - 6 potions of curing
 q - 2 potions of lignification
 r - 3 potions of ambrosia
 s - 2 potions of heal wounds
 t - a potion of brilliance
 v - 2 potions of flight
 A - a potion of might
 J - a potion of haste
Books
 h - a book of Minor Magic

   Spells                             Type                      Level
   a - Magic Dart                     Conjuration                  1
   b - Blink                          Translocation                2
   c - Call Imp                       Summoning                    2
   d - Repel Missiles                 Charms/Air                   2
   e - Slow                           Hexes                        2
   f - Conjure Flame                  Conjuration/Fire             3
   g - Mephitic Cloud                 Conjuration/Poison/Air       3
Comestibles
 a - 8 slices of pizza
 f - 6 bread rations
 i - 18 fruits
 G - 2 meat rations


   Skills:
 - Level 2.5 Fighting
 - Level 2.6 Short Blades
 + Level 4.5 Slings
 + Level 6.6 Dodging
 * Level 9.8 Stealth
 * Level 3.4 Shields
 * Level 3.0 Spellcasting
 + Level 2.3 Conjurations
 + Level 2.4 Charms
 + Level 2.0 Air Magic
 + Level 3.1 Poison Magic
 * Level 2.8 Invocations
 - Level 5.2 Evocations


You had 10 spell levels left.
You knew the following spells:

 Your Spells              Type           Power        Failure   Level  Hunger
a - Repel Missiles        Chrm/Air       ##....       34%         2    ##.....
b - Mephitic Cloud        Conj/Pois/Air  ###.....     56%         3    ###....


Dungeon Overview and Level Annotations

Branches:
Dungeon (9/15)             Temple (1/1) D:5
   Lair: D:8-11         Orc: D:9-12

Altars:
Ashenzari
Cheibriados
Dithmenos
Elyvilon
Fedhas
Gozag
Kikubaaqudgha
Makhleb
Nemelex Xobeh
Pakellas
Qazlal
Ru
Sif Muna
Trog
Vehumet
Xom
Yredelemnul
Zin
The Shining One

Shops:
D:5 *([%%   D:6 :


Innate Abilities, Weirdness & Mutations

You cannot wear most types of armour.
You are amphibious.
You can wear up to eight rings at the same time.
You can use your tentacles to constrict eight enemies at once.
Your skin changes colour to match your surroundings (Stealth).
Your rubbery body absorbs attacks (AC +1).
You are partially covered in yellow scales (AC +2).
You are agile. (Dex +2)
You are resistant to hostile enchantments.
You are occasionally teleported next to monsters.


Message History

Found 3 fruits.
An ogre comes into view. It is wielding a giant club.
An orc and a guardian serpent come into view.
The guardian serpent shouts!
The orc priest shouts!
The orc shouts!
The ogre shouts!
The guardian serpent hits you!!
The orc priest hits you with a hand axe.
You hit the guardian serpent.
There is a sudden explosion of sparks!
The guardian serpent is heavily wounded.
The guardian serpent completely misses you.
You block the guardian serpent's attack.
An adder skeleton comes into view.
The orc priest calls down the wrath of Beogh upon you.
Something smites you!
* * * LOW HITPOINT WARNING * * *
You swap places.
The orc priest calls down the wrath of Beogh upon you.
Something smites you!
You die...
Fedhas appreciates your contribution to the ecosystem.

... .... ..#..#
##.####..###.#..#######
.... .................#
#.####..###..# ####..##
##....f...<...# #%)#...
......f..#.#..# #(!'..#
########......# #$[#..#
f..........#..######o.# #
###....######..f@fSo..#.#
#...............f...O.....#
#.#....#########..#.......#
#f#....# #..........#
#f#....# #.#.###....#
#.#...># #.#.# ..%.#
.......# #.#.. ..Z.#
.......# #.##.# ...#
...##### ### ##


You could see a guardian serpent, an ogre, an orc priest, an orc and 3 friendly
wandering mushrooms.

Vanquished Creatures
  Blork the orc (D:6)
  2 wraiths (Ossuary)
  A yak (D:8)
  An orc warrior (D:9)
  A sky beast (D:4)
  An ogre (D:6)
  A phantom (D:7)
  2 big kobolds
  6 giant frogs
  A wyvern zombie (D:9)
  3 scorpions
  5 wights
  5 crimson imps
  2 centaur skeletons
  3 giant frog skeletons
  3 orc priests
  A gnoll shaman (D:6)
  A hound (D:8)
  Ijyb (D:3)
  2 iguanas
  3 orc wizards
  3 worker ants
  A sheep (D:8)
  A hound skeleton (D:5)
  A worker ant zombie (D:6)
  10 adders
  9 gnolls
  2 oozes (D:1)
  An adder zombie (Ossuary)
  An adder skeleton (D:7)
  4 worms
  7 giant geckos
  22 orcs
  8 bats
  3 giant cockroaches
  12 goblins
  5 hobgoblins
  10 kobolds
  3 quokkas
  A ball python (D:4)
  A ball python skeleton (Ossuary)
  3 giant newts
  A hobgoblin zombie (Ossuary)
  2 kobold zombies (Ossuary)
  An orc skeleton (Ossuary)
  3 orc zombies (Ossuary)
  12 rats
173 creatures vanquished.

Vanquished Creatures (collateral kills)
  A hydra (D:8)
  A yak (D:8)
  An orc warrior (D:8)
  An ogre (D:6)
  2 big kobolds (D:8)
  2 wights (D:7)
  2 crimson imps
  A centaur zombie (D:6)
  2 orc wizards (D:7)
  A worker ant (D:6)
  A sheep (D:8)
  4 gnolls (D:6)
  5 orcs
24 creatures vanquished.

Vanquished Creatures (others)
  An orc warrior (D:6)
  4 wandering mushrooms
  A gnoll (D:2)
  93 toadstools
99 creatures vanquished.

Grand Total: 296 creatures vanquished

Notes
Turn   | Place    | Note
--------------------------------------------------------------
     0 | D:1      | M4edhros the Octopode Artificer began the quest for the Orb.
     0 | D:1      | Reached XP level 1. HP: 13/13 MP: 3/3
    41 | D:1      | Reached XP level 2. HP: 9/18 MP: 4/4
   192 | D:1      | Reached skill level 4 in Evocations
   539 | D:1      | Reached XP level 3. HP: 21/23 MP: 6/6
   834 | D:2      | Reached XP level 4. HP: 23/28 MP: 7/7
   892 | D:2      | Found a white marble altar of Elyvilon.
  1300 | D:3      | Noticed Ijyb
  1307 | D:3      | Killed Ijyb
  1438 | D:4      | Reached XP level 5. HP: 28/33 MP: 8/8
  1448 | D:4      | Found a shadowy altar of Dithmenos.
  1466 | D:4      | Got a shimmering brass ring
  1467 | D:4      | Identified the ring of Temptation {+Fly rC++ Int+7} (You found it on level 4 of the Dungeon)
  1496 | D:4      | Found a sand-covered staircase.
  1702 | Ossuary  | Entered an ossuary
  1792 | Ossuary  | Noticed a flying skull
  1792 | Ossuary  | Noticed a wraith
  1803 | Ossuary  | Noticed a flying skull
  1826 | Ossuary  | Noticed a flying skull
  1848 | Ossuary  | Noticed a wraith
  1850 | Ossuary  | Killed a wraith
  1850 | Ossuary  | Reached skill level 5 in Stealth
  1850 | Ossuary  | Reached XP level 6. HP: 39/39 MP: 9/9
  1967 | Ossuary  | Noticed a wraith
  1975 | Ossuary  | Killed a wraith
  1975 | Ossuary  | Reached skill level 6 in Stealth
  1975 | Ossuary  | Reached XP level 7. HP: 13/45 MP: 10/10
  2413 | D:4      | Reached skill level 1 in Slings
  2413 | D:4      | Reached skill level 5 in Dodging
  2658 | D:4      | Found a deep blue altar of Sif Muna.
  2908 | D:5      | Entered Level 5 of the Dungeon
  2928 | D:5      | Found a staircase to the Ecumenical Temple.
  2935 | Temple   | Entered the Ecumenical Temple
  2962 | D:5      | Reached skill level 7 in Stealth
  3017 | D:5      | Found a shimmering altar of Xom.
  3021 | D:5      | Became a worshipper of Xom of Chaos
  3068 | D:5      | Found Sooh's Armour Boutique.
  3089 | D:5      | Found Opticit's Food Shop.
  3119 | D:5      | Found Urut's Food Boutique.
  3166 | D:5      | Reached XP level 8. HP: 51/51 MP: 11/11
  3197 | D:5      | Found Kostruh's Weapon Boutique.
  3225 | D:5      | Found Joboucev's Assorted Antiques.
  3228 | D:5      | Bought a fuming amethyst potion for 29 gold pieces
  3228 | D:5      | Bought a scroll labeled MYSHRUE IRYT for 33 gold pieces
  3302 | D:5      | Learned a level 2 spell: Repel Missiles
  3306 | D:5      | Learned a level 3 spell: Mephitic Cloud
  3315 | D:6      | Noticed Blork the orc
  3340 | D:6      | Killed Blork the orc
  3340 | D:6      | Reached skill level 5 in Evocations
  3368 | D:6      | XOM: harmless Ice miscast
  3463 | D:6      | Reached skill level 8 in Stealth
  3495 | D:6      | Found a snail-covered altar of Cheibriados.
  3513 | D:6      | Found an ancient bone altar of Kikubaaqudgha.
  3525 | D:6      | Found a blossoming altar of Fedhas.
  3553 | D:6      | Found a sacrificial altar of Ru.
  3586 | D:6      | Fell from the grace of Xom
  3586 | D:6      | Became a worshipper of Fedhas Madash
  4185 | D:2      | Reached * piety under Fedhas
  4786 | D:3      | Reached ** piety under Fedhas
  4865 | D:5      | Reached skill level 1 in Shields
  4865 | D:5      | Reached skill level 1 in Poison Magic
  5032 | D:5      | XOM: stat loss: -3 Int (20/23)
  5111 | D:5      | XOM: polymorph wandering mushroom -> oklob plant
  5186 | D:5      | XOM: polymorph wandering mushroom -> oklob plant
  5396 | D:6      | Reached skill level 1 in Charms
  5413 | D:6      | Reached skill level 1 in Spellcasting
  5413 | D:6      | Reached XP level 9. HP: 33/55 MP: 7/12
  5441 | D:6      | Found Dyolit's Book Boutique.
  5730 | D:6      | Reached skill level 1 in Conjurations
  5803 | D:6      | Reached skill level 1 in Air Magic
  5897 | D:7      | XOM: summons 5 hostile demons
  6379 | D:7      | Found a basalt altar of Yredelemnul.
  6387 | D:7      | Found a glowing golden altar of the Shining One.
  6389 | D:7      | Noticed an angel
  6526 | D:7      | Noticed a profane servitor
  6552 | D:7      | Reached skill level 9 in Stealth
  6940 | D:7      | Gained mutation: You are agile. (Dex +2) [potion of mutation]
  6940 | D:7      | Gained mutation: You are partially covered in yellow scales (AC +2). [potion of mutation]
  6940 | D:7      | Gained mutation: You are occasionally teleported next to monsters. [potion of mutation]
  6942 | D:7      | Gained mutation: You are resistant to hostile enchantments. [potion of beneficial mutation]
  7283 | D:8      | Found a radiant altar of Vehumet.
  7343 | D:8      | Reached skill level 1 in Invocations
  7554 | D:8      | XOM: polymorph wandering mushroom -> wandering mushroom
  7714 | D:8      | Noticed a two-headed hydra
  7727 | D:8      | XOM: summons 2 hostile demons
  7857 | D:8      | Killed a two-headed hydra
  7857 | D:8      | Reached XP level 10. HP: 52/61 MP: 12/14
  8330 | D:9      | Noticed a guardian serpent
  8336 | D:9      | Killed from afar by an orc priest

Vault maps used:
D:1:      erik_arrival_gehennom
D:2:      nicolae_overflow_hidden_temple, first_bread, minmay_crystal_room
D:3:      mrwooster_statue_mirror, uniq_iyjb
D:4:      nicolae_dithmenos_shadow_blocks, marbit_many_paths,
          nicolae_ossuary_entry_false_entrances, minivault_25
D:5:      led_xom_imps, minmay_temple_entry_trees, serial_shops,
          kennysheep_little_box, shop, nicolae_shop_behind_doors, shop,
          kennysheep_mini
D:6:      nicolae_overflow_quartered_altars, serial_shops, shop,
          uniq_blork_the_orc
D:7:      grunt_temple_overflow_holy_war
D:8:      lemuel_doored_altar, hangedman_ranch
D:9:      lemuel_crystal_altar, erik_orc_1, serial_park_tiny_2,
          nrook_guardian_serpent_double
Temple:   nicolae_temple_no_exploring_needed
Ossuary:  ossuary_due_cavern

Action                   |  1- 3 |  4- 6 |  7- 9 | 10-12 || total
-------------------------+-------+-------+-------+-------++-------
Melee: Short sword       |    31 |       |       |       ||    31
       Dagger            |    32 |    66 |   264 |    19 ||   381
Invok: Evolution         |       |       |     8 |     1 ||     9
 Abil: Evoke Flight      |       |     1 |       |       ||     1
Evoke: Wand              |       |     4 |    26 |       ||    30
  Use: Scroll            |       |     3 |    16 |       ||    19
       Potion            |       |       |    12 |       ||    12
 Stab: Sleeping          |     8 |     8 |    30 |     1 ||    47
       Distracted        |     1 |       |     4 |       ||     5
       Confused          |       |       |     1 |       ||     1
  Eat: Chunk             |       |     2 |     2 |       ||     4
       Meat ration       |       |       |     2 |       ||     2
       Bread ration      |       |       |     2 |       ||     2
